Map: Neon Violet Square LE

Players

SamuraiFunn

  • Race: Protoss Protoss
  • League: Platinum
  • Spawn Location: 5:00

A.I. 1 (Very Hard) - Winner!

  • Race: Terran Terran
  • Spawn Location: 11:00

VOD

Have the link to the VOD?

Description

Time

  • Played on: Nov. 29, 2017, 10:28 p.m.
  • Length: 9:31
Show
View Real Time Build Order
Export as new Build Order

SamuraiFunn Protoss 

Build Orders:  

Get SALT Encoding   

  12  0:01  Probe  
  13  0:13  Probe  
  14  0:22  Pylon  
  14  0:25  Probe  
  15  0:40  Probe, Assimilator  
  16  0:50  Gateway  
  16  0:52  Probe  
  18  1:04  Probe  
  18  1:10  Assimilator  
  18  1:15  Pylon  
  18  1:16  Probe (Chrono Boost)  
  20  1:28  Probe (Chrono Boost)  
  20  1:30  Probe (Chrono Boost)  
  21  1:39  Zealot  
  23  1:42  Probe  
  24  1:52  Assimilator  
  24  2:07  Cybernetics Core  
  24  2:11  Nexus  
  24  2:18  Probe  
  25  2:33  Probe, Pylon  
  28  2:45  Warp Gate (Chrono Boost)  
  28  2:47  Adept (Chrono Boost)  
  28  2:58  Probe  
  29  3:13  Gateway  
  29  3:14  Gateway  
  29  3:25  Robotics Facility  
  29  3:36  Stalker  
  29  3:37  Assimilator  
  31  3:48  Probe x2  
  33  3:59  Assimilator  
  33  4:00  Probe x2  
  35  4:12  Probe x2  
  37  4:23  Stalker x3  
  43  4:28  Observer  
  43  4:30  Twilight Council  
  44  4:42  Probe x2  
  46  4:48  Stalker  
  46  4:49  Stalker x2  
  46  4:50  Observer  
  53  4:59  Probe  
  54  5:26  Pylon  
  54  5:29  Pylon  
  54  5:44  Probe x2, Nexus  
  54  5:47  Pylon  
  54  5:49  Stalker  
  58  5:52  Pylon  
  58  5:56  Probe x2  
  60  6:02  Stalker  
  60  6:03  Stalker  
  64  6:08  Probe x2  
  64  6:09  Immortal  
  70  6:25  Probe x2  
  72  6:37  Probe x2, Stalker x3  
  80  6:48  Warp Prism  
  80  6:50  Blink  
  82  6:57  Probe  
  82  6:58  Probe x2  
  82  7:01  Robotics Facility  
  85  7:05  Stalker x2  
  89  7:09  Probe  
  89  7:11  Probe x2  
  92  7:22  Probe  
  93  7:23  Probe x2  
  92  7:46  Immortal  
  92  7:50  Immortal  
  98  7:53  Stalker  
  100  8:01  Pylon  
  100  8:03  Pylon  
  100  8:06  Pylon  
  100  8:10  Gateway  
  100  8:11  Gateway  
  100  8:13  Gateway  
  100  8:20  Stalker x3  
  64  8:51  Stalker  
  64  8:52  Stalker x2  
  64  9:16  Stalker x2  
  64  9:17  Stalker  
Show
View Real Time Build Order
Export as new Build Order

A.I. 1 (Very Hard) Terran - Winner!

Build Orders: MMM Bio 

Get SALT Encoding   

  12  0:00  SCV  
  13  0:13  SCV  
  14  0:20  Supply Depot  
  14  0:25  SCV  
  15  0:41  SCV  
  15  0:42  Barracks  
  16  0:54  SCV  
  17  1:06  SCV  
  18  1:17  Supply Depot  
  18  1:18  SCV  
  19  1:22  Refinery  
  19  1:29  Marine  
  19  1:30  SCV  
  21  1:42  SCV  
  21  1:46  Marine  
  23  1:51  Barracks  
  23  1:54  SCV  
  23  1:57  Refinery  
  24  2:04  Supply Depot, Marine  
  24  2:06  SCV  
  26  2:18  SCV  
  26  2:22  Marine  
  28  2:26  Factory  
  28  2:30  SCV  
  29  2:38  Marine  
  29  2:40  Marine  
  29  2:42  SCV  
  32  2:55  SCV, Marine  
  32  2:58  Marine  
  35  3:07  SCV  
  35  3:09  Barracks  
  36  3:13  Marine  
  36  3:16  Barracks Tech Lab  
  36  3:19  SCV  
  38  3:21  Factory Tech Lab  
  38  3:31  SCV  
  38  3:33  Barracks Tech Lab, Supply Depot  
  39  3:55  SCV, Marine x2, Stimpack  
  42  4:05  Combat Shields  
  42  4:07  SCV  
  43  4:19  SCV  
  44  4:27  Supply Depot  
  44  4:31  SCV  
  45  4:40  Marauder  
  45  4:41  Supply Depot, Barracks Reactor  
  45  4:43  Barracks  
  47  4:45  Starport  
  47  4:48  Command Center  
  47  4:49  SCV  
  48  5:02  Orbital Command  
  48  5:03  Marauder  
  50  5:08  Marauder  
  52  5:17  Marine x2  
  54  5:22  Starport Reactor  
  54  5:24  Marauder  
  56  5:29  Marine  
  56  5:32  Supply Depot  
  57  5:38  Siege Tank  
  60  5:45  Marauder  
  62  5:54  Marauder  
  62  5:56  Engineering Bay  
  64  6:02  SCV  
  65  6:04  SCV  
  65  6:10  Siege Tank  
  69  6:12  Marauder  
  69  6:14  SCV  
  69  6:17  SCV  
  69  6:18  Marauder  
  75  6:22  Terran Infantry Weapons Level 1  
  75  6:26  SCV  
  75  6:27  Supply Depot  
  75  6:29  SCV  
  77  6:33  Marauder  
  77  6:38  SCV  
  77  6:39  Concussive Shells, Marauder  
  82  6:41  SCV  
  82  6:42  Siege Tank  
  86  6:50  SCV  
  86  6:51  Supply Depot  
  86  6:53  SCV  
  88  7:02  SCV  
  88  7:03  Engineering Bay  
  88  7:05  Orbital Command  
  89  7:14  Marine, Siege Tank  
  93  7:16  Missile Turret  
  93  7:18  Missile Turret  
  93  7:19  Marine  
  93  7:20  Medivac, Supply Depot  
  96  7:26  Refinery  
  96  7:29  Terran Infantry Armor Level 1  
  96  7:30  Refinery  
  96  7:39  Medivac  
  96  7:41  Missile Turret  
  100  7:44  Marauder  
  100  7:45  Supply Depot  
  100  7:50  Marauder  
  102  8:01  Missile Turret  
  102  8:02  Siege Tank  
  105  8:08  Supply Depot  
  105  8:21  Missile Turret  
  105  8:25  Command Center  
  105  8:26  Marine  
  105  8:31  Marauder  
  104  8:34  Marine, Siege Tank  
  104  8:35  Marine  
  104  8:37  Marine  
  97  8:44  Marauder  
  89  8:52  Marine x2, Armory  
  89  8:53  Marine  
  89  8:55  Marine  
  85  9:05  Marine  
  85  9:09  Marine  
  88  9:11  Marine  
  88  9:13  Marine  
  93  9:19  Armory  
Tags
 
Composition
MMM Bio
League
Platinum
Matchup
PvT
Replay Pack
First 100 games
Spawn Locations
Cross Positions
Add a new tag
Caveats
  • Supply blocks, unpowered buildings, or Contaminate may cause inaccurate times.
  • Supply counts are checked every 10 seconds.